 Dungeon Sprint DCSS version 0.18.1-50-g88ac8fd (webtiles) character file.

29365 Inkary the Brawler (level 13, -16/222 HPs)
             Began as a Troll Berserker on Sept 18, 2016.
             Was a High Priest of Trog.
             Killed from afar by a thorn hunter (19 damage)
             ... with a volley of thorns
             ... in the Dungeon (Sprint IX: "|||||||||||||||||||||||||||||").
             The game lasted 00:21:57 (2153 turns).

Inkary the Brawler (Troll Berserker)                Turns: 2153, Time: 00:21:58

Health: -16/222    AC: 20    Str: 33    XL:     13   Next: 14%
Magic:  4/4        EV: 21    Int:  1    God:    Trog [*****.]
Gold:   447        SH:  0    Dex: 28    Spells: 0 memorised, 12 levels left

rFire  + . .     SeeInvis .     e - +5 giant spiked club of Patterns {antimagic, rElec rF+ Int-2 Dex+8}
rCold  . . .     Gourm    +     C - +0 shadow dragon armour
rNeg   . . .     Faith    .     (shield currently unavailable)
rPois  +         Spirit   .     (helmet restricted)
rElec  +         Dismiss  .     m - +1 cloak
rCorr  .         Reflect  .     (gloves unavailable)
SustAt .         Harm     .     (boots unavailable)
MR     +++..     NoTele   +     (no amulet)
Stlth  ..........               o - +3 ring of dexterity
                                w - ring "Gyps" {rPois MR+ Dex+2}

@: berserking (expiring), regenerating, very quick, extremely resistant to
hostile enchantments, extremely unstealthy
A: unfitting armour, claws 3, thin metallic scales 2, agile 1, blurry vision 1,
fast metabolism 3, gourmand, high mp 1, regeneration 2, shaggy fur 1, tough skin
2
a: Berserk, Trog's Hand, Brothers in Arms, Burn Spellbooks, Renounce Religion


You were in the Dungeon.
You worshipped Trog.
Trog was extremely pleased with you.
You were very full.

You visited 1 branch You collected 1943 gold pieces.
You spent 1496 gold pieces at shops.

Inventory:

Hand Weapons
 e - the +5 giant spiked club of Patterns (weapon) {antimagic, rElec rF+ Int-2 Dex+8}
   (Trog gifted it to you in the Dungeon)

   It disrupts the flow of magical energy around spellcasters and certain
   magical creatures (including the wielder).
   It affects your intelligence (-2).
   It affects your dexterity (+8).
   It protects you from fire.
   It insulates you from electricity.
 g - a +5 antimagic falchion
Armour
 m - a +1 cloak (worn)
 C - a +0 shadow dragon armour (worn)
 F - a +1 large shield
Jewellery
 o - a +3 ring of dexterity (right claw)
 p - an uncursed ring of see invisible
 w - the ring "Gyps" (left claw) {rPois MR+ Dex+2}
   (You bought it in a shop in the Dungeon)

   [ring of poison resistance]

   It affects your dexterity (+2).
   It protects you from poison.
   It affects your resistance to hostile enchantments.
 x - the ring "Gesoth" {Fragile +Blink rPois rN+++ Dex-5}
   (You bought it in a shop in the Dungeon)

   [ring of poison resistance]

   It affects your dexterity (-5).
   It protects you from poison.
   It renders you almost immune to negative energy.
   It lets you blink.
   It will be destroyed if unequipped.
 B - an uncursed ring of protection from cold
Wands
 k - a wand of acid (7/15)
Scrolls
 a - 2 scrolls of fear
 h - 6 scrolls of blinking
 j - 3 scrolls of remove curse
 r - 2 scrolls of fog
 s - 2 scrolls of recharging
 t - a scroll of enchant weapon
Potions
 c - 5 potions of curing
 d - 8 potions of heal wounds
 f - 4 potions of magic
 n - a potion of flight {unknown}
 A - a potion of haste
Comestibles
 b - 14 bread rations
 i - 4 chunks of flesh
 l - 40 fruits
 u - 12 meat rations


   Skills:
 - Level 14.8 Fighting
 * Level 10.2 Maces & Flails
 + Level 4.2 Armour
 - Level 14.8 Dodging
 + Level 7.6 Shields
 - Level 19.2 Unarmed Combat


You had 12 spell levels left.
You didn't know any spells.

Dungeon Overview and Level Annotations

Branches:
Dungeon (1/1)

Altars:
Cheibriados
Dithmenos
Elyvilon
Fedhas
Gozag
Kikubaaqudgha
Makhleb
Nemelex Xobeh
Okawaru
Pakellas
Qazlal
Ru
Sif Muna
Trog
Vehumet
Xom
Yredelemnul
Zin
The Shining One
Beogh
Jiyva
Lugonu

Shops:
D ?=**


Innate Abilities, Weirdness & Mutations

You are too large for most types of armour.
You have claws for hands.
Your metabolism is lightning-fast.
You like to eat raw meat.
You heal very quickly.
You are covered in fur (AC +1).
You have very tough skin (AC +2).
You are mostly covered in thin metallic scales (AC +3).
You are agile. (Dex +2)
Scrolls take you a little longer to read.
You have an increased reservoir of magic (+10% MP).


Message History

The alligator bites you but does no damage.
The alligator tail-slaps you but does no damage.
Unknown command.
You stick the alligator like a pincushion!!!
The alligator is almost dead.
The alligator bites you!
* * * LOW HITPOINT WARNING * * *
The alligator tail-slaps you but does no damage.
Unknown command.
You hammer the alligator like a gong!!!
You kill the alligator!
Trog accepts your kill.
Your Maces & Flails skill increases to level 10!
The thorn hunter fires a volley of thorns at you.
The volley of thorns hits you!
* * * LOW HITPOINT WARNING * * *
You are too berserk!
The thorn hunter fires a volley of thorns at you.
The volley of thorns hits you!
You die...

)).))))))....)..).))[)∩.∩.∩[∩=...
▓▓▓▓▓▓▓▓▓▓▓▓▓▓▓▓▓▓▓▓▓▓▓▓▓▓▓▓▓▓▓▓▓
.................................
▓▓▓▓▓▓▓▓▓▓▓▓▓▓▓▓▓▓▓▓▓▓▓▓▓▓▓▓▓▓▓▓▓
..[[[.[..()()....=%)%)÷....%))...
▓▓▓▓▓▓▓▓▓▓▓▓▓▓▓▓▓▓▓▓▓▓▓▓▓▓▓▓▓▓▓▓▓
)................................
▓▓▓▓▓▓▓▓▓▓▓▓▓▓▓▓▓▓▓▓▓♣♣♣♣♣♣♣♣♣♣▓▓
(()=.....PP)....@fnyFn....yF
▓▓▓▓▓▓▓▓▓▓▓▓▓▓▓▓▓▓▓▓▓♣♣♣♣♣♣♣


You could see a thorn hunter, 2 bog bodies, a spiny frog and a wasp.

Vanquished Creatures
  A thorn hunter (D)
  A ghost moth (D)
  Donald (D)
  An entropy weaver (D)
  A rakshasa (D)
  A merfolk avatar (D)
  An alligator (D)
  An anaconda (D)
  6 death yaks (D)
  An orc high priest (D)
  A naga sharpshooter (D)
  A shock serpent (D)
  Sonja (D)
  A naga ritualist (D)
  2 sea snakes (D)
  A harpy (D)
  4 orc sorcerers (D)
  3 orc knights (D)
  An ugly thing (D)
  2 cyclopes (D)
  A griffon (D)
  2 wolf spiders (D)
  A black mamba (D)
  3 spiny frogs (D)
  A demonic crawler (D)
  A komodo dragon (D)
  A jumping spider (D)
  4 snapping turtles (D)
  A spriggan (shapeshifter) (D)
  A redback (D)
  5 yaks (D)
  A shadow (D)
  A hungry ghost (D)
  A hippogriff (D)
  A basilisk (D)
  2 water moccasins (D)
  3 porcupines (D)
  2 orc warriors (D)
  A black bear (D)
  A wasp (D)
  A boggart (D)
  2 centaurs (D)
  A crocodile (D)
  3 giant frogs (D)
  A killer bee (D)
  A crimson imp (D)
  4 orc priests (D)
  2 hounds (D)
  3 orc wizards (D)
  2 iguanas (D)
  An adder (D)
  2 river rats (D)
  An adder zombie (D)
  An adder skeleton (D)
  A worm (D)
  A dart slug (D)
  9 orcs (D)
  A bat skeleton (D)
  A hobgoblin (D)
  A jackal (D)
  A kobold (D)
  A giant cockroach simulacrum (D)
  2 rats (D)
  A briar patch (D)
110 creatures vanquished.

Vanquished Creatures (collateral kills)
  An ettin (D)
  An ogre mage (D)
  3 orc high priests (D)
  A shock serpent (D)
  An orc knight (D)
  An orb spider (D)
  A mana viper (D)
  An orc sorcerer (D)
  A guardian serpent (D)
  A black mamba (D)
  A yaktaur (D)
  A jumping spider (D)
  A merfolk (D)
  A redback (D)
  2 orc warriors (D)
  2 orc priests (D)
  A jelly (D)
  3 orcs (D)
24 creatures vanquished.

Grand Total: 134 creatures vanquished

Notes
Turn   | Place    | Note
--------------------------------------------------------------
     0 | D        | Inkary the Troll Berserker began the quest for the Orb.
     0 | D        | Reached XP level 1. HP: 22/22 MP: 0/0
    10 | D        | Reached ** piety under Trog
    34 | D        | Noticed a hound
    34 | D        | Noticed a centaur
    36 | D        | Killed a hound
    36 | D        | Reached *** piety under Trog
    36 | D        | Reached skill level 4 in Unarmed Combat
    36 | D        | Reached XP level 2. HP: 32/32 MP: 1/1
    36 | D        | Reached XP level 3. HP: 39/39 MP: 2/2
    43 | D        | Received a gift from Trog
    46 | D        | Killed a centaur
    46 | D        | Reached skill level 5 in Fighting
    46 | D        | Reached skill level 5 in Dodging
    46 | D        | Reached skill level 6 in Unarmed Combat
    46 | D        | Reached XP level 4. HP: 50/50 MP: 3/3
    47 | D        | Reached **** piety under Trog
   106 | D        | Found a glowing silver altar of Zin.
   106 | D        | Found a glowing golden altar of the Shining One.
   106 | D        | Found an ancient bone altar of Kikubaaqudgha.
   106 | D        | Found a basalt altar of Yredelemnul.
   106 | D        | Found a shimmering altar of Xom.
   106 | D        | Found a radiant altar of Vehumet.
   107 | D        | Found an iron altar of Okawaru.
   108 | D        | Found a burning altar of Makhleb.
   109 | D        | Found a deep blue altar of Sif Muna.
   110 | D        | Found a bloodstained altar of Trog.
   111 | D        | Found a sparkling altar of Nemelex Xobeh.
   112 | D        | Found a white marble altar of Elyvilon.
   113 | D        | Found a roughly hewn altar of Beogh.
   114 | D        | Found a viscous altar of Jiyva.
   115 | D        | Found a corrupted altar of Lugonu.
   116 | D        | Found a blossoming altar of Fedhas.
   117 | D        | Found a snail-covered altar of Cheibriados.
   118 | D        | Found a shadowy altar of Dithmenos.
   119 | D        | Found a stormy altar of Qazlal.
   120 | D        | Found an opulent altar of Gozag.
   121 | D        | Found a sacrificial altar of Ru.
   122 | D        | Found an oddly glowing altar of Pakellas.
   150 | D        | Noticed a black bear
   150 | D        | Noticed a hippogriff
   150 | D        | Noticed a giant frog
   150 | D        | Noticed a hungry ghost
   150 | D        | Noticed a giant frog
   154 | D        | Killed a black bear
   154 | D        | Reached skill level 7 in Unarmed Combat
   154 | D        | Reached XP level 5. HP: 59/59 MP: 4/4
   160 | D        | Killed a hippogriff
   160 | D        | Reached skill level 8 in Unarmed Combat
   160 | D        | Reached XP level 6. HP: 71/71 MP: 5/5
   165 | D        | Reached ***** piety under Trog
   165 | D        | Reached skill level 9 in Unarmed Combat
   168 | D        | Killed a hungry ghost
   168 | D        | Reached XP level 7. HP: 80/80 MP: 6/6
   170 | D        | Received a gift from Trog
   218 | D        | Noticed a cyclops
   218 | D        | Noticed a shadow
   218 | D        | Noticed a cyclops
   226 | D        | Killed a cyclops
   226 | D        | Reached skill level 10 in Unarmed Combat
   226 | D        | Reached XP level 8. HP: 92/92 MP: 7/7
   232 | D        | Reached skill level 11 in Unarmed Combat
   236 | D        | Killed a cyclops
   372 | D        | Noticed a spiny frog
   376 | D        | Received a gift from Trog
   376 | D        | Reached skill level 10 in Fighting
   376 | D        | Reached skill level 10 in Dodging
   383 | D        | Killed a spiny frog
   383 | D        | Reached skill level 12 in Unarmed Combat
   383 | D        | Reached XP level 9. HP: 102/102 MP: 8/8
   397 | D        | Received a gift from Trog
   438 | D        | Noticed a spiny frog
   442 | D        | Killed a spiny frog
   443 | D        | Noticed a komodo dragon
   452 | D        | Reached skill level 13 in Unarmed Combat
   453 | D        | Noticed a griffon
   453 | D        | Reached ****** piety under Trog
   458 | D        | Killed a komodo dragon
   458 | D        | Received a gift from Trog
   464 | D        | Killed a griffon
   464 | D        | Reached XP level 10. HP: 100/115 MP: 9/9
   481 | D        | Noticed a death yak
   481 | D        | Noticed a death yak
   481 | D        | Noticed a death yak
   481 | D        | Noticed a death yak
   482 | D        | Noticed a death yak
   483 | D        | Noticed a death yak
   488 | D        | Killed a death yak
   492 | D        | Killed a death yak
   492 | D        | Reached skill level 14 in Unarmed Combat
   497 | D        | Killed a death yak
   504 | D        | Killed a death yak
   638 | D        | Killed a death yak
   638 | D        | Received a gift from Trog
   638 | D        | Reached skill level 5 in Maces & Flails
   644 | D        | Killed a death yak
   644 | D        | Reached XP level 11. HP: 124/124 MP: 3/10
   823 | D        | Received a gift from Trog
   825 | D        | Reached skill level 15 in Unarmed Combat
   826 | D        | Noticed an orc knight
   863 | D        | Killed an orc knight
   904 | D        | Received a gift from Trog
   956 | D        | Noticed an orc sorcerer
   956 | D        | Noticed an orc knight
   956 | D        | Noticed an orc knight
   958 | D        | Noticed an orc sorcerer
   963 | D        | Killed an orc sorcerer
   964 | D        | Noticed an orc high priest
   970 | D        | Killed an orc knight
   975 | D        | Killed an orc knight
   976 | D        | Noticed an orc high priest
   978 | D        | Noticed an orc high priest
   982 | D        | Killed an orc sorcerer
   982 | D        | Received a gift from Trog
   983 | D        | Got an ichor-stained giant spiked club {god gift}
   996 | D        | Killed an orc high priest
  1010 | D        | Killed an orc high priest
  1012 | D        | Killed an orc high priest
  1012 | D        | Received a gift from Trog
  1012 | D        | Reached skill level 16 in Unarmed Combat
  1066 | D        | Identified the +5 giant spiked club of Patterns {antimagic, rElec rF+ Int-2 Dex+8} (Trog gifted it to you in the Dungeon)
  1072 | D        | Found Eqavaysm's Magic Scroll Emporium.
  1072 | D        | Noticed an orc knight
  1072 | D        | Noticed an orc sorcerer
  1072 | D        | Noticed an orc sorcerer
  1072 | D        | Noticed an orc sorcerer
  1079 | D        | Killed an orc knight
  1082 | D        | Killed an orc sorcerer
  1082 | D        | Received a gift from Trog
  1086 | D        | Killed an orc sorcerer
  1092 | D        | Found Giwilan's Jewellery Shoppe.
  1098 | D        | Killed an orc sorcerer
  1103 | D        | Found Yptupno's General Store.
  1105 | D        | Received a gift from Trog
  1106 | D        | Found Lacua's General Store.
  1167 | D        | Noticed an orc high priest
  1175 | D        | Killed an orc high priest
  1194 | D        | Bought a scroll of fear for 45 gold pieces
  1194 | D        | Bought a scroll of enchant armour for 97 gold pieces
  1194 | D        | Bought a scroll of enchant weapon for 97 gold pieces
  1196 | D        | Bought the ring "Gyps" {rPois MR+ Dex+2} for 441 gold pieces
  1196 | D        | Bought the ring "Gesoth" {Fragile +Blink rPois rN+++ Dex-5} for 466 gold pieces
  1198 | D        | Bought a potion of agility for 56 gold pieces
  1198 | D        | Bought a potion of haste for 140 gold pieces
  1198 | D        | Bought a potion of heal wounds for 70 gold pieces
  1200 | D        | Bought a potion of curing for 42 gold pieces
  1200 | D        | Bought a potion of curing for 42 gold pieces
  1228 | D        | Noticed Sonja
  1246 | D        | Killed Sonja
  1246 | D        | Reached skill level 17 in Unarmed Combat
  1439 | D        | Received a gift from Trog
  1440 | D        | Noticed a purple ugly thing
  1443 | D        | Noticed an ettin
  1448 | D        | Noticed an ogre mage
  1450 | D        | Killed a purple ugly thing
  1450 | D        | Reached skill level 1 in Shields
  1453 | D        | Noticed an entropy weaver
  1472 | D        | Killed an ettin
  1473 | D        | Killed an ogre mage
  1473 | D        | Reached XP level 12. HP: 85/137 MP: 11/11
  1476 | D        | Received a gift from Trog
  1497 | D        | Killed an entropy weaver
  1507 | D        | Noticed a rakshasa
  1537 | D        | Killed a rakshasa
  1537 | D        | Received a gift from Trog
  1618 | D        | Gained mutation: You have sharp toenails. [mutagenic meat]
  1619 | D        | Lost mutation: You have sharp toenails. [mutagenic meat]
  1620 | D        | Gained mutation: You are frail (-10% HP). [mutagenic meat]
  1636 | D        | Noticed Donald
  1653 | D        | Killed Donald
  1653 | D        | Reached skill level 18 in Unarmed Combat
  1657 | D        | Lost mutation: You are frail (-10% HP). [potion of cure mutation]
  1726 | D        | Killed a ghost moth
  1741 | D        | Received a gift from Trog
  1741 | D        | Reached skill level 5 in Shields
  1808 | D        | Gained mutation: You occasionally shout uncontrollably at your foes. [mutagenic meat]
  1809 | D        | Gained mutation: You have an increased reservoir of magic (+10% MP). [mutagenic meat]
  1810 | D        | Gained mutation: Potions and wands are less effective at restoring your health. [mutagenic meat]
  1811 | D        | Gained mutation: You are partially covered in thin metallic scales (AC +2). [mutagenic meat]
  1813 | D        | Gained mutation: Scrolls take you a little longer to read. [mutagenic meat]
  1826 | D        | Lost mutation: You occasionally shout uncontrollably at your foes. [potion of cure mutation]
  1826 | D        | Lost mutation: Scrolls take you a little longer to read. [potion of cure mutation]
  1826 | D        | Lost mutation: Potions and wands are less effective at restoring your health. [potion of cure mutation]
  1835 | D        | Noticed an anaconda
  1839 | D        | Killed an anaconda
  1846 | D        | Reached skill level 19 in Unarmed Combat
  1862 | D        | Received a gift from Trog
  1951 | D        | Reached skill level 1 in Armour
  1953 | D        | Noticed a merfolk avatar
  2017 | D        | Received a gift from Trog
  2042 | D        | Killed a merfolk avatar
  2042 | D        | Reached XP level 13. HP: 60/148 MP: 4/13
  2047 | D        | Gained mutation: Scrolls take you a little longer to read. [mutagenic meat]
  2048 | D        | Gained mutation: You have a pair of small horns on your head. [mutagenic meat]
  2050 | D        | Gained mutation: You are agile. (Dex +2) [mutagenic meat]
  2051 | D        | Lost mutation: You have a pair of small horns on your head. [mutagenic meat]
  2052 | D        | Gained mutation: You are mostly covered in thin metallic scales (AC +3). [mutagenic meat]
  2116 | D        | Noticed a thorn hunter
  2129 | D        | Noticed a thorn hunter
  2145 | D        | Killed a thorn hunter
  2152 | D        | Reached skill level 10 in Maces & Flails
  2152 | D        | HP: 2/222 [thorn hunter/volley of thorns (16)]
  2153 | D        | Killed from afar by a thorn hunter

Skill      XL: |  1  2  3  4  5  6  7  8  9 10 11 12 13 |
---------------+----------------------------------------+-----
Fighting       | 3 5 6 7 8 9 10 11 12 13 14 | 14.8
Dodging        | 3 5 6 7 9 10 11 12 13 14 | 14.8
Unarmed Combat | 4 6 7 8 9 10 12 13 14 17 19 | 19.2
Maces & Flails | 6 7 9 10 | 10.2
Shields        | 2 7 |  7.6
Armour         | 3 4 |  4.2

Action                   |  1- 3 |  4- 6 |  7- 9 | 10-12 | 13-15 || total
-------------------------+-------+-------+-------+-------+-------++-------
Melee: Unarmed           |    28 |    16 |    50 |   160 |       ||   254
       Punch             |       |       |     3 |    17 |       ||    20
       Giant club        |       |       |       |    38 |       ||    38
       Great mace        |       |       |       |     4 |       ||     4
       Giant spiked club |       |       |       |    48 |    21 ||    69
Invok: Berserk           |     1 |     1 |     3 |     9 |     1 ||    15
       Trog's Hand       |       |     1 |     3 |    25 |     3 ||    32
       Burn Spellbooks   |       |       |     1 |     1 |       ||     2
       Brothers in Arms  |       |       |       |     9 |     1 ||    10
  Use: Potion            |       |       |       |    15 |     1 ||    16
       Scroll            |       |       |       |     1 |       ||     1
  Eat: Chunk             |       |     5 |     9 |    40 |    10 ||    64
Armor: Animal skin       |     1 |     3 |     9 |    15 |       ||    28
       Shadow dragon arm |       |       |       |    69 |    16 ||    85
       Robe              |       |       |       |     4 |       ||     4
Dodge: Dodged            |     7 |    11 |    26 |   197 |    20 ||   261
